 Dungeon Crawl Stone Soup version 0.28-a0-1241-gf280a0fbb2 (webtiles) character file.

Game seed: 18372383927900529583

96 Gargoyl the Skirmisher (level 4, -6/41 HPs)
             Began as a Gnoll Abyssal Knight on Dec 26, 2021.
             Was a Follower of Lugonu.
             Splashed by a jelly's acid (8 damage)
             ... on level 2 of the Dungeon.
             The game lasted 00:02:17 (2732 turns).

Gargoyl the Skirmisher (Gnoll Abyssal Knight)       Turns: 2732, Time: 00:02:18

Health: -6/41      AC:  0    Str: 14    XL:     4   Next: 67%
Magic:  7/7        EV: 12    Int: 10    God:    Lugonu [*.....]
Gold:   94         SH:  0    Dex: 12    Spells: 5/5 levels left

rFire   . . .      SeeInvis .   a - +2 hand axe
rCold   . . .      Faith    .   (no shield)
rNeg    . . .      Spirit   .   b - +1 leather armour
rPois   +          Reflect  .   (no helmet)
rElec   .          Harm     .   (no cloak)
rCorr   .          Rampage  .   (no gloves)
Will    .....                   (no boots)
Stlth   +.........              (no amulet)
HPRegen 0.13/turn               c - ring of poison resistance
MPRegen 0.10/turn               (no ring)

@: corroded
A: fangs 1, strong nose, distributed training
a: Renounce Religion, Depart the Abyss


You were on level 2 of the Dungeon.
You worshipped Lugonu.
Lugonu was aware of your devotion.
You visited 1 branch of the dungeon, and saw 2 of its levels.
You visited the Abyss 1 time.

You collected 94 gold pieces.

Inventory:

Hand Weapons
 a - a +2 hand axe (weapon)
 g - a +0 war axe
Armour
 b - a +1 leather armour (worn)
Jewellery
 c - a ring of poison resistance (left hand)
Scrolls
 d - a scroll of amnesia {unknown}
 e - 2 scrolls of teleportation
 f - 3 scrolls of identify
Potions
 h - a potion of heal wounds {unknown}
 i - a potion of ambrosia {unknown}


   Skills:
 + Level 6.6 Fighting
 + Level 1.2 Short Blades
 + Level 1.2 Long Blades
 + Level 4.7 Axes
 + Level 1.2 Maces & Flails
 + Level 1.2 Polearms
 + Level 1.2 Staves
 + Level 1.2 Slings
 + Level 1.2 Bows
 + Level 1.2 Crossbows
 + Level 1.2 Throwing
 + Level 4.7 Armour
 + Level 2.8 Dodging
 + Level 1.2 Stealth
 + Level 1.2 Shields
 + Level 1.2 Unarmed Combat
 + Level 1.2 Spellcasting
 + Level 1.0 Conjurations
 + Level 1.0 Hexes
 + Level 1.0 Summonings
 + Level 1.0 Necromancy
 + Level 1.0 Translocations
 + Level 1.0 Transmutations
 + Level 1.0 Fire Magic
 + Level 1.0 Ice Magic
 + Level 1.0 Air Magic
 + Level 1.0 Earth Magic
 + Level 1.0 Poison Magic
 + Level 4.7 Invocations
 + Level 1.2 Evocations


You had 5 spell levels left.
You didn't know any spells.
Your spell library contained the following spells:

 Spells                   Type           Power      Damage    Failure   Level
 Conjure Flame            Conj/Fire      2%         6-21      63%         3
 Ignite Poison            Fire/Tmut/Pois 2%         N/A       63%         3
 Sticky Flame             Conj/Fire      2%         2d3       95%         4


Dungeon Overview and Level Annotations

Branches:
Dungeon (2/15)

Altars:


Innate Abilities, Weirdness & Mutations

You have very sharp teeth.
Your uncanny sense of smell can sniff out nearby items.
Your experience applies equally to all skills.


Message History

You are frozen.
You see here a +0 whip.
You hit the endoplasm.
The endoplasm is severely wounded.
The endoplasm hits you but does no damage.
You hit the endoplasm.
You bite the endoplasm, but do no damage.
The endoplasm is almost dead.
The endoplasm freezes you.
You are frozen.
You slash the endoplasm!
You kill the endoplasm!
Lugonu accepts your kill. The endoplasm barely misses you.
You hit the endoplasm.
The endoplasm is severely wounded.
The endoplasm barely misses you.
You hit the endoplasm.
You kill the endoplasm!
Lugonu accepts your kill.
Unknown command.
You see here a +0 whip.
A jelly is nearby!
You see here a +0 whip.
The jelly hits you. The acid corrodes you!
You are splashed with acid!
You hit the jelly.
Your hands burn!
The jelly is lightly wounded.
The jelly barely misses you.
You hit the jelly but do no damage.
Your hands burn!
The jelly is lightly wounded.
The jelly hits you.
You are splashed with acid!
* * * LOW HITPOINT WARNING * * *
You hit the jelly but do no damage.
Your hands burn!
* * * LOW HITPOINT WARNING * * *
You bite the jelly, but do no damage.
The jelly is lightly wounded.
The jelly hits you.
* * * LOW HITPOINT WARNING * * *
You are splashed with acid!
You die...

## ######.###..)..## #..#
######......##.......####..#
##.....##...##..))...##....#
............##.......##....#
#####.......##.......##....#
# #####..###....######...# #
#.....# #....'..###...# #
###.##### ########.##...# #
#...# ##J@)...###...#
####.####### #.####### ##†.#
.....####..##.÷...PJ.. #..#
#######....##..÷÷....J #..#
# ##...###JJJ..P.PJ #..#
######..### #...P.P.P. #..#
.......## #.PJP÷P..÷ #..#
#####.#######.....÷÷.$ #..#
...........########### #..#


You could see a jelly.

Vanquished Creatures
  A jelly (D:2)
  2 adders (D:2)
  A worm (D:2)
  A dart slug (D:1)
  6 endoplasms (D:2)
  2 giant cockroaches (D:1)
  3 hobgoblins
  8 kobolds
  2 quokkas (D:1)
  3 ball pythons
  4 bats (D:1)
  2 frilled lizards (D:2)
  5 rats
40 creatures vanquished.

Vanquished Creatures (others)
  A demonic plant (Abyss:1)
  6 toadstools (D:2)
7 creatures vanquished.

Grand Total: 47 creatures vanquished

Notes
Turn   | Place    | Note
-------+----------+-------------------------------------------
     0 | Abyss:1  | Gargoyl the Gnoll Abyssal Knight began the quest for the
                  | Orb.
     0 | Abyss:1  | Reached XP level 1. HP: 23/23 MP: 3/3
    89 | Abyss:1  | Noticed an anaconda skeleton
    94 | D:1      | Escaped the Abyss
   203 | D:1      | Found a faded altar of an unknown god.
   640 | D:1      | Reached XP level 2. HP: 29/29 MP: 5/5
   680 | D:1      | Reached * piety under Lugonu
  1422 | D:2      | Reached XP level 3. HP: 27/35 MP: 6/6
  2019 | D:2      | Reached skill level 1 in Short Blades
  2019 | D:2      | Reached skill level 1 in Long Blades
  2019 | D:2      | Reached skill level 1 in Maces & Flails
  2019 | D:2      | Reached skill level 1 in Polearms
  2019 | D:2      | Reached skill level 1 in Staves
  2019 | D:2      | Reached skill level 1 in Slings
  2019 | D:2      | Reached skill level 1 in Bows
  2019 | D:2      | Reached skill level 1 in Crossbows
  2019 | D:2      | Reached skill level 1 in Throwing
  2019 | D:2      | Reached skill level 1 in Stealth
  2019 | D:2      | Reached skill level 1 in Shields
  2019 | D:2      | Reached skill level 1 in Unarmed Combat
  2019 | D:2      | Reached skill level 1 in Spellcasting
  2019 | D:2      | Reached skill level 1 in Evocations
  2159 | D:2      | Reached skill level 1 in Conjurations
  2159 | D:2      | Reached skill level 1 in Hexes
  2159 | D:2      | Reached skill level 1 in Summonings
  2159 | D:2      | Reached skill level 1 in Necromancy
  2159 | D:2      | Reached skill level 1 in Translocations
  2159 | D:2      | Reached skill level 1 in Transmutations
  2159 | D:2      | Reached skill level 1 in Fire Magic
  2159 | D:2      | Reached skill level 1 in Ice Magic
  2159 | D:2      | Reached skill level 1 in Air Magic
  2159 | D:2      | Reached skill level 1 in Earth Magic
  2159 | D:2      | Reached skill level 1 in Poison Magic
  2159 | D:2      | Reached XP level 4. HP: 5/41 MP: 7/7
  2732 | D:2      | HP: 2/41 [jelly (2)]
  2732 | D:2      | Splashed by a jelly's acid

Illustrated notes

Levels and vault maps discovered:
D:1:      onia_arrival_mini_maze_b, layout_loops_corners,
          shapermc_ecumenical_altar_notcrosses, minivault_23,
          minmay_close_crescents
D:2:      cheibrodos_fertilizer, layout_rooms, minivault_26,
          minmay_misc_feat_nine_boxes, dk_vineyard_3, minmay_pentomino_q4

Skill      XL: |  1  2  3 |
---------------+----------+-----
Short Blades   | 1 |  1.2
Long Blades    | 1 |  1.2
Maces & Flails | 1 |  1.2
Polearms       | 1 |  1.2
Staves         | 1 |  1.2
Slings         | 1 |  1.2
Bows           | 1 |  1.2
Crossbows      | 1 |  1.2
Throwing       | 1 |  1.2
Stealth        | 1 |  1.2
Shields        | 1 |  1.2
Unarmed Combat | 1 |  1.2
Spellcasting   | 1 |  1.2
Evocations     | 1 |  1.2
Conjurations   | 1 |  1.0
Hexes          | 1 |  1.0
Summonings     | 1 |  1.0
Necromancy     | 1 |  1.0
Translocations | 1 |  1.0
Transmutations | 1 |  1.0
Fire Magic     | 1 |  1.0
Ice Magic      | 1 |  1.0
Air Magic      | 1 |  1.0
Earth Magic    | 1 |  1.0
Poison Magic   | 1 |  1.0
Fighting       | |  6.6
Axes           | |  4.7
Armour         | |  4.7
Dodging        | |  2.8
Invocations    | |  4.7

Action                   |  1- 3 |  4- 6 || total
-------------------------+-------+-------++-------
Melee: Hand axe          |    99 |     9 ||   108
       Bite              |     6 |     2 ||     8
Invok: Depart the Abyss  |     1 |       ||     1
  Use: Scroll            |     4 |       ||     4
Armor: Leather armour    |    39 |     1 ||    40
Dodge: Dodged            |    77 |     3 ||    80

Table legend: (Time is in decaauts)
 A = Elapsed time spent in this place.
 B = Non-inter-level travel time spent in this place.
 C = Inter-level travel time spent in this place.
 D = Time resting spent in this place.
 E = Time spent auto-exploring this place.
 F = Levels seen in this place.
 G = Mean time per level.
                   A        B        C        D        E       F      G
               +--------+--------+--------+--------+--------+-----+--------+
         Total |   2742 |   2652 |     90 |      0 |   2237 |   3 |  914.0 |
       Dungeon |   2648 |   2558 |     90 |      0 |   2170 |   2 | 1324.0 |
         Abyss |     93 |     93 |      0 |      0 |     67 |   1 |   93.0 |
               +--------+--------+--------+--------+--------+-----+--------+

Top non-repeatable levels by time:
     D:2: 1329 daAuts
     D:1: 1318 daAuts
 Abyss:1: 93 daAuts
